Map: Washout LE

Players

Tura

  • Race: Terran Terran
  • League: Master
  • Spawn Location: 1:00

RioTGiRL - Winner!

  • Race: Zerg Zerg
  • League: Diamond
  • Spawn Location: 7:00

VOD

Have the link to the VOD?

Description

Time

  • Played on: June 30, 2026, 8:15 p.m.
  • Length: 6:30
Show
View Real Time Build Order
Export as new Build Order

Tura Terran 

Build Orders: Reaper Expand, Hellion Banshee 

Get SALT Encoding   

  8  0:00  SCV  
  9  0:13  SCV  
  10  0:24  Supply Depot  
  10  0:29  SCV  
  11  0:41  SCV  
  12  0:49  Barracks  
  12  0:57  Refinery  
  12  1:01  SCV  
  13  1:13  SCV  
  14  1:25  SCV  
  15  1:38  Orbital Command  
  15  1:40  Reaper  
  16  2:04  SCV  
  17  2:11  Command Center  
  17  2:15  Marine  
  17  2:19  SCV  
  19  2:28  Factory  
  19  2:31  SCV  
  20  2:42  Barracks Reactor  
  20  2:43  Supply Depot  
  20  2:50  SCV  
  20  3:23  Starport  
  20  3:28  Barracks Tech Lab  
  20  3:33  SCV  
  20  3:34  Orbital Command  
  21  3:38  Supply Depot, Barracks Tech Lab  
  21  3:39  Hellion  
  23  3:44  Hellion  
  23  3:46  SCV  
  26  3:51  Refinery  
  26  3:58  SCV  
  27  4:03  SCV  
  27  4:09  Banshee  
  31  4:11  SCV  
  36  4:17  Hellion x2  
  36  4:21  SCV  
  37  4:27  Marine  
  37  4:29  SCV  
  39  4:35  Bunker  
  39  4:36  SCV  
  39  4:37  Cloaking Field  
  40  4:40  Supply Depot  
  44  4:45  Hellion  
  44  4:46  Hellion  
  44  4:47  Marine  
  44  4:49  SCV  
  44  4:50  SCV  
  47  5:12  Hellion x2, Banshee  
  47  5:13  SCV x2  
  56  5:19  Supply Depot  
  56  5:27  Engineering Bay  
  56  5:29  SCV x2  
  58  5:41  Widow Mine x2, SCV x2  
  58  5:42  Supply Depot  
  64  5:43  Supply Depot  
Show
View Real Time Build Order
Export as new Build Order

RioTGiRL Zerg - Winner!

Build Orders: Pool First 

Get SALT Encoding   

  8  0:00  Drone  
  9  0:10  Drone  
  10  0:16  Drone  
  11  0:22  Drone  
  12  0:32  Overlord  
  12  0:39  Extractor, Drone  
  13  0:51  Drone x2  
  15  1:01  Drone  
  16  1:07  Spawning Pool  
  16  1:11  Drone  
  16  1:20  Drone  
  17  1:30  Drone  
  18  1:40  Hatchery  
  18  1:44  Extractor  
  18  1:46  Overlord  
  16  1:51  Drone  
  17  2:01  Queen  
  17  2:05  Zergling x2  
  20  2:12  Drone  
  21  2:20  Drone  
  22  2:31  Drone  
  23  2:37  Queen  
  23  2:41  Drone  
  26  2:49  Metabolic Boost  
  26  2:58  Queen  
  26  2:59  Drone x2  
  30  3:06  Drone x2  
  32  3:18  Drone  
  32  3:19  Overlord  
  32  3:24  Lair  
  32  3:41  Drone x5  
  35  3:44  Roach Warren  
  36  3:49  Drone  
  36  3:51  Drone x2  
  36  3:52  Overlord  
  36  3:53  Drone  
  40  4:06  Overlord x2  
  40  4:16  Zergling x6  
  44  4:17  Zergling x2  
  44  4:29  Nydus Network, Zergling x4  
  44  4:30  Zergling x4, Queen  
  49  4:34  Queen  
  51  4:45  Roach  
  53  4:46  Zergling x4  
  52  5:02  Zergling x2  
  52  5:03  Zergling x4  
  52  5:06  Queen  
  52  5:10  Queen  
  52  5:11  Roach x3  
  52  5:12  Zergling x2  
  61  5:22  Zergling x4  
  61  5:26  Nydus Canal  
  63  5:36  Overlord x2  
  63  5:44  Overseer, Hatchery  
  63  5:46  Queen  
  63  5:55  Roach  
  63  5:56  Zergling x12  
  70  5:58  Overlord  
Tags
 
Add a new tag
Caveats
  • Supply blocks, unpowered buildings, or Contaminate may cause inaccurate times.
  • Supply counts are checked every 10 seconds.